AoeStats
← Mtk

Arabia

503221985Analyzed
1v1 RM · 2mo ago on Aug 30, 2026· 49m 25s· 2 players
Game mode
Random Map
Map size
Tiny (2 player)
Population
200
Speed
Normal
Resources
Standard
Victory
Conquest
Starting age
Dark Age
Ending age
Imperial Age
RankedLock teamsTeams togetherTeam positionsShared explorationLock speedFull tech treeHidden civsTurbo modeCheats
Victory
Defeat
🇹🇷 Mapuche · Türkiye
1359
+16
vs
🇦🇪 Chinese · United Arab Emirates
1367
-16
Mtk
7:40 Loom
10:08 Feudal Age
10:11 Champi Runner
11:09 Double-Bit Axe
13:11 Horse Collar
17:31 Wheelbarrow
21:13 Castle Age
19:41 Gold Mining
20:23 Fletching
21:53 Bodkin Arrow
22:20 Bow Saw
22:14 Heavy Plow
23:00 Padded Archer Armor
22:51 Town Watch
30:34 Ballistics
30:17 Stone Mining
36:36 Imperial Age
34:32 Malon
35:28 Gold Shaft Mining
35:59 Hand Cart
37:29 Stone Shaft Mining
37:43 Leather Archer Armor
38:35 Chemistry
38:31 Elite Bolas Rider
39:45 Ring Archer Armor
40:39 Conscription
40:50 Masonry
41:17 Murder Holes
44:16 Elite Kona
45:37 Hoardings
45:08 Butalmapu
45:54 Architecture
47:41 Forging
47:13 Elite Kona
Tuunbaq
6:53 Loom
9:51 Feudal Age
10:29 Double-Bit Axe
10:37 Horse Collar
21:15 Castle Age
19:41 Gold Mining
20:26 Bloodlines
20:47 Forging
21:23 Scale Barding Armor
22:12 Bow Saw
22:33 Chain Barding Armor
22:50 Husbandry
23:08 Town Watch
25:03 Wheelbarrow
25:28 Fletching
27:40 Hand Cart
29:00 Iron Casting
30:11 Bodkin Arrow
30:44 Stone Mining
37:24 Imperial Age
35:26 Squires
35:37 Heavy Plow
36:06 Ballistics
37:25 Cavalier
38:45 Plate Barding Armor
38:32 Conscription
37:39 Elite Fire Lancer
38:22 Scale Mail Armor
38:42 Masonry
39:14 Bracer
40:57 Blast Furnace
39:57 Pikeman
41:14 Chain Mail Armor
40:54 Halberdier
45:02 Plate Mail Armor
45:14 Gold Shaft Mining
Connection lost

Rejoining the realm…

Still unreachable

The connection could not be restored.

Session expired

The server has moved on; the page needs a fresh start.